 Dungeon Crawl Stone Soup version 0.28.0-43-g3370ac3207 (webtiles) character file.

Game seed: 6432995161280996446

298 Renzlar the Shield-Bearer (level 6, -3/45 (53) HPs)
             Began as a Gnoll Fighter on Mar 31, 2022.
             Was an Initiate of Okawaru.
             Slain by a wight
             ... wielding a +0 mace
              (4 damage)
             ... on level 4 of the Dungeon.
             The game lasted 00:09:05 (3581 turns).

Renzlar the Shield-Bearer (Gnoll Fighter)           Turns: 3581, Time: 00:09:06

HP:   -3/45 (53)    AC: 10    Str: 18    XL:     6   Next: 35%
MP:   8/8           EV:  7    Int:  7    God:    Okawaru [......]
Gold: 241           SH:  5    Dex: 11    Spells: 8/8 levels left

rFire   . . .      SeeInvis .   a - +0 war axe
rCold   . . .      Faith    .   c - +0 buckler
rNeg    . . .      Spirit   .   l - +0 chain mail
rPois   .          Reflect  .   (no helmet)
rElec   .          Harm     .   (no cloak)
rCorr   .          Rampage  .   (no gloves)
Will    .....                   (no boots)
Stlth   ..........              (no amulet)
HPRegen 0.15/turn               (no ring)
MPRegen 0.11/turn               (no ring)

@: heavily drained
A: fangs 1, strong nose, distributed training
a: Renounce Religion


You were on level 4 of the Dungeon.
You worshipped Okawaru.
Okawaru was noncommittal.
You visited 1 branch of the dungeon, and saw 4 of its levels.

You collected 241 gold pieces.

Inventory:

Hand Weapons
 a - a +0 war axe (weapon)
 g - the +4 flail "Kaumast" {venom, +Blink}
   (You found it on level 3 of the Dungeon)

   It poisons the flesh of those it strikes.
   +Blink:    It lets you blink.
 k - a +2 dagger of draining
Missiles
 e - 38 stones (quivered)
 h - 34 bolts
 m - 12 sling bullets
Armour
 b - a +0 scale mail
 c - a +0 buckler (worn)
 l - a +0 chain mail (worn)
Scrolls
 f - a scroll of identify
 j - a scroll of fear {unknown}
Potions
 d - a potion of might
 i - 2 potions of degeneration {unknown}


   Skills:
 + Level 6.8 Fighting
 + Level 1.9 Short Blades
 + Level 1.9 Long Blades
 + Level 5.0 Axes
 + Level 1.9 Maces & Flails
 + Level 1.9 Polearms
 + Level 1.9 Staves
 + Level 1.9 Slings
 + Level 1.9 Bows
 + Level 1.9 Crossbows
 + Level 1.9 Throwing
 + Level 6.8 Armour
 + Level 1.9 Dodging
 + Level 1.9 Stealth
 + Level 6.8 Shields
 + Level 1.9 Unarmed Combat
 + Level 1.9 Spellcasting
 + Level 1.5 Conjurations
 + Level 1.5 Hexes
 + Level 1.5 Summonings
 + Level 1.5 Necromancy
 + Level 1.5 Translocations
 + Level 1.5 Transmutations
 + Level 1.5 Fire Magic
 + Level 1.5 Ice Magic
 + Level 1.5 Air Magic
 + Level 1.5 Earth Magic
 + Level 1.5 Poison Magic
 + Level 2.1 Invocations
 + Level 1.9 Evocations


You had 8 spell levels left.
You didn't know any spells.
Your spell library contained the following spells:

 Spells                   Type           Power      Damage    Failure   Level
 Pain                     Necr           8%         1d4       95%         1
 Ensorcelled Hibernation  Hex/Ice        4%         N/A       99%         2
 Spider Form              Tmut/Pois      2%         N/A       100%        3
 Vampiric Draining        Necr           2%         2d6       100%        3
 Anguish                  Hex/Necr       1%         N/A       100%        4
 Animate Skeleton         Necr           Unusable   N/A       N/A         1

Dungeon Overview and Level Annotations

Branches:
Dungeon (4/15)
 Temple: D:4-7

Altars:
Cheibriados
Gozag
Okawaru


Innate Abilities, Weirdness & Mutations

You have very sharp teeth.
Your uncanny sense of smell can sniff out nearby items.
Your experience applies equally to all skills.


Message History

You see here a stone.
Things that are here:
a +0 robe; a +4 battleaxe You hit the wight but do no damage.
The wight hits you with a +0 mace.
You hit the wight but do no damage. The wight barely misses you.
You barely miss the wight. The wight closely misses you.
The wight hits you with a +0 mace.
You closely miss the wight. The wight hits you with a +0 mace.
You feel drained.
You hit the wight. Your bite misses the wight.
The wight is lightly damaged.
The wight hits you but does no damage.
You closely miss the wight.
The wight is lightly damaged.
You block the wight's attack. The wight hits you with a +0 mace.
You feel drained.
You barely miss the wight.
The wight is lightly damaged.
The wight hits you with a +0 mace.
You feel drained.
You closely miss the wight.
The wight is lightly damaged.
The wight hits you with a +0 mace. The wight hits you with a +0 mace!
You feel drained.
The +4 flail "Kaumast" {venom, +Blink} stops dripping with poison.
a - a +0 war axe (weapon)
You closely miss the wight.
The wight is lightly damaged.
The wight hits you with a +0 mace!
* * * LOW HITPOINT WARNING * * *
You feel drained.
* * * LOW HITPOINT WARNING * * *
You hit the wight.
The wight is heavily damaged.
The wight closely misses you. The wight barely misses you.
You closely miss the wight.
The wight is heavily damaged.
The wight hits you with a +0 mace!
* * * LOW HITPOINT WARNING * * *
You feel drained.
You die...

#.......####.....##.....
....)............##.....
.................##.....
.................#######
..###+#..........# #.
#.....###### #.....#
#.....# #@##### #z# #z#
#.........#
#.#.>.........
####....#### ###### ∆


You could see 2 wights.

Vanquished Creatures
  A scorpion (D:4)
  A wight (D:4)
  2 orc priests
  An orc wizard (D:4)
  4 adders
  A worm (D:4)
  A dart slug (D:3)
  7 orcs
  6 bats
  6 endoplasms
  A giant cockroach (D:1)
  7 goblins
  2 hobgoblins
  4 quokkas
  6 ball pythons
  2 frilled lizards (D:2)
  9 kobolds
  5 rats
66 creatures vanquished.

Notes
Turn   | Place    | Note
-------+----------+-------------------------------------------
     0 | D:1      | Renzlar the Gnoll Fighter began the quest for the Orb.
     0 | D:1      | Reached XP level 1. HP: 23/23 MP: 1/1
   170 | D:1      | Reached XP level 2. HP: 18/29 MP: 2/2
   812 | D:1      | Reached XP level 3. HP: 34/35 MP: 3/3
   968 | D:1      | Found a faded altar of an unknown god.
  1296 | D:2      | Reached skill level 1 in Invocations
  1385 | D:2      | Reached skill level 1 in Short Blades
  1385 | D:2      | Reached skill level 1 in Long Blades
  1385 | D:2      | Reached skill level 1 in Maces & Flails
  1385 | D:2      | Reached skill level 1 in Polearms
  1385 | D:2      | Reached skill level 1 in Staves
  1385 | D:2      | Reached skill level 1 in Slings
  1385 | D:2      | Reached skill level 1 in Bows
  1385 | D:2      | Reached skill level 1 in Crossbows
  1385 | D:2      | Reached skill level 1 in Throwing
  1385 | D:2      | Reached skill level 1 in Dodging
  1385 | D:2      | Reached skill level 1 in Stealth
  1385 | D:2      | Reached skill level 1 in Unarmed Combat
  1385 | D:2      | Reached skill level 1 in Spellcasting
  1385 | D:2      | Reached skill level 1 in Evocations
  1474 | D:2      | Found an iron altar of Okawaru.
  1483 | D:2      | Became a worshipper of Warmaster Okawaru
  1531 | D:2      | Reached XP level 4. HP: 39/41 MP: 5/5
  1989 | D:3      | Reached skill level 1 in Conjurations
  1989 | D:3      | Reached skill level 1 in Hexes
  1989 | D:3      | Reached skill level 1 in Summonings
  1989 | D:3      | Reached skill level 1 in Necromancy
  1989 | D:3      | Reached skill level 1 in Translocations
  1989 | D:3      | Reached skill level 1 in Transmutations
  1989 | D:3      | Reached skill level 1 in Fire Magic
  1989 | D:3      | Reached skill level 1 in Ice Magic
  1989 | D:3      | Reached skill level 1 in Air Magic
  1989 | D:3      | Reached skill level 1 in Earth Magic
  1989 | D:3      | Reached skill level 1 in Poison Magic
  2255 | D:3      | Found a snail-covered altar of Cheibriados.
  2641 | D:3      | Identified the +4 flail "Kaumast" {venom, +Blink}
  2848 | D:3      | Reached XP level 5. HP: 47/47 MP: 6/6
  3140 | D:4      | Found an opulent altar of Gozag.
  3239 | D:4      | Reached XP level 6. HP: 53/53 MP: 8/8
  3286 | D:4      | Reached skill level 5 in Axes
  3581 | D:4      | HP: 1/46 [wight/+0 mace (10)]
  3581 | D:4      | Slain by a wight

Illustrated notes

Levels and vault maps discovered:
D:1:      minmay_arrival_nine_rooms, layout_loops_ring,
          shapermc_ecumenical_altar_mp_vishouse
D:2:      layout_loops_ring, basic_altar
D:3:      layout_basic, lemuel_doored_altar, lemuel_old_faithful
D:4:      cheibrodos_barr_body, layout_basic,
          nicolae_gozag_cash_rules_everything_around_me, uniq_edmund

Skill      XL: |  1  2  3  4  5  6 |
---------------+-------------------+-----
Invocations    | 1 2 |  2.1
Short Blades   | 1 |  1.9
Long Blades    | 1 |  1.9
Maces & Flails | 1 |  1.9
Polearms       | 1 |  1.9
Staves         | 1 |  1.9
Slings         | 1 |  1.9
Bows           | 1 |  1.9
Crossbows      | 1 |  1.9
Throwing       | 1 |  1.9
Dodging        | 1 |  1.9
Stealth        | 1 |  1.9
Unarmed Combat | 1 |  1.9
Spellcasting   | 1 |  1.9
Evocations     | 1 |  1.9
Conjurations   | 1 |  1.5
Hexes          | 1 |  1.5
Summonings     | 1 |  1.5
Necromancy     | 1 |  1.5
Translocations | 1 |  1.5
Transmutations | 1 |  1.5
Fire Magic     | 1 |  1.5
Ice Magic      | 1 |  1.5
Air Magic      | 1 |  1.5
Earth Magic    | 1 |  1.5
Poison Magic   | 1 |  1.5
Axes           | 5 |  5.0
Fighting       | |  6.8
Armour         | |  6.8
Shields        | |  6.8

Action                   |  1- 3 |  4- 6 || total
-------------------------+-------+-------++-------
Melee: War axe           |   115 |    43 ||   158
       Bite              |    10 |    10 ||    20
       Flail             |       |    51 ||    51
Throw: Stone             |     7 |    17 ||    24
  Use: Scroll            |     1 |     1 ||     2
       Potion            |       |     1 ||     1
Armor: Scale mail        |    50 |       ||    50
       Chain mail        |     1 |    29 ||    30
Dodge: Dodged            |    41 |    32 ||    73
Block: Buckler           |    29 |    14 ||    43
